 Dungeon Crawl Stone Soup version 0.28-a0-1447-ga5a8893891 (webtiles) character file.

Game seed: 5689579874830573419

1140 vineage the Basher (level 8, -9/75 HPs)
             Began as a Minotaur Gladiator on Jan 10, 2022.
             Mangled by an ogre (29 damage)
             ... on level 5 of the Dungeon.
             The game lasted 00:05:43 (5306 turns).

vineage the Basher (Minotaur Gladiator)             Turns: 5306, Time: 00:05:44

Health: -9/75      AC: 12    Str: 17    XL:     8   Next: 14%
Magic:  7/7        EV: 11    Int:  5    God:
Gold:   181        SH:  0    Dex: 14    Spells: 7/7 levels left

rFire   . . .      SeeInvis .   u - +3 whip (freeze)
rCold   + . .      Faith    .   (no shield)
rNeg    . . .      Spirit   .   q - +0 ring mail
rPois   .          Reflect  .   c - +0 hat
rElec   .          Harm     .   i - +0 cloak
rCorr   .          Rampage  .   (no gloves)
Will    .....                   o - +1 pair of boots
Stlth   ..........              (no amulet)
HPRegen 0.22/turn               v - ring of protection from cold
MPRegen 0.10/turn               x - +4 ring of protection

@: confused, mighty, ambrosia-drunk
A: horns 2, retaliatory headbutt, weak 1
a: no special abilities


You were on level 5 of the Dungeon.
You visited 1 branch of the dungeon, and saw 6 of its levels.

You collected 181 gold pieces.

Inventory:

Hand Weapons
 a - a +1 flail
 r - a +1 whip of venom
 u - a +3 whip of freezing (weapon)
Missiles
 d - 3 throwing nets (quivered)
Armour
 b - a +0 leather armour
 c - a +0 hat (worn)
 i - a +0 cloak (worn)
 o - a +1 pair of boots (worn)
 q - a +0 ring mail (worn)
Jewellery
 v - a ring of protection from cold (left hand)
 w - a ring of ice
 x - a +4 ring of protection (right hand)
 C - a ring of resist corrosion
Wands
 f - a wand of flame (45)
 l - a wand of digging (5)
 p - a wand of charming (17)
Scrolls
 h - a scroll of enchant armour
 m - a scroll of identify
 n - 5 scrolls of magic mapping
 t - a scroll of blinking
 y - a scroll of teleportation
Potions
 e - a potion of ambrosia
 g - 2 potions of flight
 j - 3 potions of lignification
 k - 2 potions of heal wounds
 s - 2 potions of cancellation
 z - a potion of magic


   Skills:
 + Level 8.5 Fighting
 + Level 9.0 Maces & Flails
 - Level 2.0 Throwing
 - Level 3.2 Dodging


You had 7 spell levels left.
You didn't know any spells.
Your spell library contained the following spells:

 Spells                   Type           Power      Damage    Failure   Level
 Sandblast                Erth           0%         2d4       69%         1
 Passwall                 Tmut/Erth      0%         N/A       83%         2
 Stone Arrow              Conj/Erth      0%         3d7       96%         3


Dungeon Overview and Level Annotations

Branches:
Dungeon (6/15)
 Temple: D:4-7

Altars:
Hepliaklqana
Trog
Uskayaw
Xom

Shops:
D:2 :(


Innate Abilities, Weirdness & Mutations

You have a pair of horns on your head.
You reflexively headbutt those who attack you in melee.
You are weak. (Str -2)


Message History

The orc warrior is severely wounded.
You closely miss the orc warrior.
You headbutt the orc warrior, but do no damage.
The orc warrior is severely wounded.
The orc warrior hits you with a +0 hand axe!
You are too injured to fight recklessly!
You are too injured to fight recklessly!
You are too injured to fight recklessly!
You are too injured to fight recklessly!
You are too injured to fight recklessly!
You hit the orc warrior but do no damage.
The orc warrior is severely wounded.
The orc warrior hits you but does no damage.
The ogre barely misses you.
You hit the orc warrior. You freeze the orc warrior.
The orc warrior is severely wounded.
You barely miss the orc warrior.
The orc warrior is severely wounded.
The orc warrior hits you with a +0 hand axe!
The ogre barely misses you.
You barely miss the orc warrior.
You headbutt the orc warrior, but do no damage.
The orc warrior is severely wounded.
The orc warrior hits you with a +0 hand axe!
* * * LOW HITPOINT WARNING * * *
The ogre closely misses you.
The orc warrior hits you but does no damage.
You climb upwards.
There is a stone staircase leading down here.
You are confused.
You feel invigorated. The orc warrior misses you. The ogre closely misses you.
You feel very mighty all of a sudden.
The orc warrior hits you but does no damage.
The ogre barely misses you.
The orc warrior hits you with a +0 hand axe!
* * * LOW HITPOINT WARNING * * *
You whack the ogre! You freeze the ogre.
The ogre is heavily wounded.
The ogre hits you with a +0 giant spiked club!!
You die...

.........##
#.....## ........##
##.....# .......##
##...## ........#
#####...#
.....#..###.....<.#
....##....)....#..#
#.#####...........#
### #...........o#
##..........@>#
#.!..........O#
##............#
#..........###
###.......##
#########


You could see an orc warrior and an ogre.

Vanquished Creatures
  Grinder (D:5)
  An ice beast (D:5)
  2 ogres (D:5)
  Blork the orc (D:5)
  A kobold brigand (D:4)
  2 scorpions
  2 centaur zombies (D:5)
  2 bullfrog skeletons
  A jelly (D:5)
  An orc priest (D:4)
  Crazy Yiuf (D:2)
  Jessica (D:2)
  An orc wizard (D:4)
  Robin (D:3)
  4 adders
  A shadow imp (D:5)
  An adder skeleton (D:4)
  2 worms
  2 dart slugs
  18 orcs
  5 ball pythons
  5 endoplasms
  3 giant cockroaches
  19 goblins
  10 hobgoblins
  2 jackals (D:4)
  4 kobolds
  4 quokkas
  3 bats
  2 frilled lizards
  7 rats
  A spectral goblin (D:1)
111 creatures vanquished.

Notes
Turn   | Place    | Note
-------+----------+-------------------------------------------
     0 | D:1      | vineage the Minotaur Gladiator began the quest for the Orb.
     0 | D:1      | Reached XP level 1. HP: 18/18 MP: 0/0
   110 | D:1      | Reached skill level 4 in Maces & Flails
   110 | D:1      | Reached XP level 2. HP: 24/25 MP: 1/1
   412 | D:1      | Found a faded altar of an unknown god.
   787 | D:1      | Reached XP level 3. HP: 31/31 MP: 2/2
  1236 | D:2      | Found Vionunk's Weapon Shoppe.
  1377 | D:2      | Noticed Jessica
  1386 | D:2      | Killed Jessica
  1387 | D:2      | Reached XP level 4. HP: 21/40 MP: 3/3
  1598 | D:2      | Reached skill level 5 in Maces & Flails
  1634 | D:2      | Found Ulynk's Book Shoppe.
  1809 | D:2      | Found a shimmering altar of Xom.
  2129 | D:2      | Found a runed translucent door.
  2243 | D:2      | Noticed Crazy Yiuf
  2252 | D:2      | Killed Crazy Yiuf
  2718 | D:3      | Gained mutation: You are weak. (Str -2) [potion of
                  | mutation]
  3003 | D:3      | Noticed Robin
  3022 | D:3      | Reached XP level 5. HP: 29/47 MP: 4/4
  3025 | D:3      | Killed Robin
  3302 | D:4      | Reached skill level 5 in Fighting
  3302 | D:4      | Reached skill level 6 in Maces & Flails
  3377 | D:4      | Reached XP level 6. HP: 6/57 MP: 5/5
  3976 | D:4      | Found a bloodstained altar of Trog.
  4073 | D:4      | Found a faded altar of an unknown god.
  4073 | D:4      | Found a hazy altar of Hepliaklqana.
  4172 | D:5      | Entered Level 5 of the Dungeon
  4309 | D:5      | Noticed Blork the orc
  4316 | D:5      | Killed Blork the orc
  4317 | D:5      | Reached skill level 7 in Maces & Flails
  4322 | D:5      | Reached XP level 7. HP: 64/64 MP: 6/6
  4351 | D:5      | Found a hide-covered altar of Uskayaw.
  4562 | D:5      | Noticed Grinder
  4566 | D:5      | Reached skill level 8 in Maces & Flails
  4581 | D:5      | Paralysed by Grinder for 5 turns
  4596 | D:5      | Killed Grinder
  4597 | D:5      | Reached XP level 8. HP: 39/74 MP: 7/7
  5287 | D:6      | Reached skill level 9 in Maces & Flails
  5306 | D:5      | Mangled by an ogre

Illustrated notes

Levels and vault maps discovered:
D:1:      elethiomel_arrival_infinity_welcomes_careful_drivers, layout_basic,
          dreamdust_ecumenical_altar_drowned_temple, nrook_loot_triangle,
          minmay_surrounded
D:2:      layout_loops_ring, basic_altar, serial_shops, nicolae_shop_trees,
          nicolae_shop_statue_plus, uniq_jessica, uniq_crazy_yiuf_cottage
D:3:      layout_basic, minmay_misc_feat_more_columns,
          kennysheep_generic_room_7, uniq_robin
D:4:      layout_rooms, beargit_hepliaklqana_dungeon_heroes, trog_book
D:5:      layout_cave_pods, nicolae_uskayaw_murder_on_the_dancefloor,
          uniq_grinder, uniq_blork_the_orc
D:6:      layout_loops_cross, lemuel_coloured_pillars_altar,
          minmay_temple_entry_antechambers, serial_glass, glass_columns_c,
          glass_columns_a

Skill      XL: |  1  2  3  4  5  6  7  8 |
---------------+-------------------------+-----
Maces & Flails | 4 5 6 7 8 9 |  9.0
Fighting       | 3 4 5 6 8 |  8.5
Throwing       | |  2.0
Dodging        | |  3.2

Action                   |  1- 3 |  4- 6 |  7- 9 || total
-------------------------+-------+-------+-------++-------
Melee: Flail             |    50 |    87 |       ||   137
       Headbutt          |     6 |    25 |    24 ||    55
       Whip              |       |    45 |    87 ||   132
       Punch             |       |       |     1 ||     1
  Use: Scroll            |     4 |     7 |     3 ||    14
       Potion            |       |     2 |     3 ||     5
 Stab: Sleeping          |       |     1 |       ||     1
Armor: Leather armour    |    16 |     4 |       ||    20
       Ring mail         |       |    60 |    26 ||    86
Dodge: Dodged            |    36 |    82 |    44 ||   162

Table legend: (Time is in decaauts)
 A = Elapsed time spent in this place.
 B = Non-inter-level travel time spent in this place.
 C = Inter-level travel time spent in this place.
 D = Time resting spent in this place.
 E = Time spent auto-exploring this place.
 F = Levels seen in this place.
 G = Mean time per level.
                   A        B        C        D        E       F      G
               +--------+--------+--------+--------+--------+-----+--------+
         Total |   5294 |   5096 |    198 |      0 |   4425 |   6 |  882.3 |
       Dungeon |   5294 |   5096 |    198 |      0 |   4425 |   6 |  882.3 |
               +--------+--------+--------+--------+--------+-----+--------+

Top non-repeatable levels by time:
     D:2: 1341 daAuts
     D:1: 1251 daAuts
     D:5: 1090 daAuts
     D:4: 869 daAuts
     D:3: 728 daAuts
     D:6: 12 daAuts
